 Dungeon Crawl Stone Soup version 0.17.2 (webtiles) character file.

87 Goblin1989 the Poker (level 4, -1/33 HPs)
             Began as a Demonspawn Gladiator on June 27, 2016.
             Killed from afar by an orc wizard (6 damage)
             ... with a magic dart
             ... on level 2 of the Dungeon.
             The game lasted 00:05:47 (2301 turns).

Goblin1989 the Poker (Demonspawn Gladiator)         Turns: 2301, Time: 00:05:48

Health: -1/33      AC:  9    Str: 17    XL:     4   Next: 28%
Magic:  4/4        EV:  8    Int:  9    God:
Gold:   90         SH:  7    Dex: 13    Spells: 0 memorised, 3 levels left

rFire  . . .     SeeInvis .     a - +0 trident
rCold  . . .     Clarity  .     k - +2 ring mail {rPois}
rNeg   . . .     SustAt   .     g - +0 shield
rPois  +         Gourm    .     c - +0 helmet
rElec  .         Spirit   .     (no cloak)
rCorr  .         Warding  .     j - +0 pair of gloves
rMut   .         Stasis   .     (no boots)
MR     .....                    (no amulet)
Stlth  +.........               (no ring)
                                (no ring)

@: not resistant to hostile enchantments, very unstealthy
A: talons 1
a: no special abilities


You were on level 2 of the Dungeon.
You were hungry.

You visited 1 branch of the dungeon, and saw 3 of its levels.

You collected 90 gold pieces.

Inventory:

Hand Weapons
 a - a +0 trident (weapon)
Missiles
 d - 3 throwing nets {=f, !d}
Armour
 c - a +0 helmet (worn)
 g - a +0 shield (worn)
 j - a +0 pair of gloves (worn)
 k - a +2 ring mail of poison resistance (worn)
Jewellery
 m - a +6 ring of intelligence {unknown}
Wands
 o - a wand of magic darts (11)
 q - a wand of polymorph (7)
Scrolls
 h - a scroll of remove curse {unknown}
 l - 3 scrolls of identify {unknown}
 n - 3 scrolls of enchant armour {unknown}
 s - a scroll of fog {unknown}
 t - a scroll of teleportation {unknown}
Potions
 f - a potion of might {unknown}
 p - a potion of flight {unknown}
 r - a potion of degeneration {unknown}
Comestibles
 b - 2 meat rations
 e - 2 bread rations
 i - 3 beef jerkies


   Skills:
 - Level 2.0 Fighting
 + Level 4.6 Polearms
 - Level 1.7 Throwing
 - Level 2.6 Dodging


You had 3 spell levels left.
You didn't know any spells.

Dungeon Overview and Level Annotations

Branches:
Dungeon (3/15)

Altars:


Innate Abilities, Weirdness & Mutations

You have sharp toenails.


Message History

You block the orc wizard's attack. The orc barely misses you.
The orc wizard hits you but does no damage.
You block the orc's attack. The orc wizard hits you with a dagger.
* * * LOW HITPOINT WARNING * * *
You take 5 damage, and have 7/33 hp.
The orc misses you. The orc wizard hits you with a dagger.
* * * LOW HITPOINT WARNING * * *
You take 1 damage, and have 6/33 hp.
You closely miss the orc wizard.
You claw the orc wizard, but do no damage.
The orc wizard gestures at you while chanting.
The magic dart hits you!
* * * LOW HITPOINT WARNING * * *
You block the orc's attack.
You take 1 damage, and have 5/33 hp.
You block the orc wizard's attack.
The orc wizard gestures at you while chanting.
The magic dart hits you!
You die...

######'#........#.#.###.......##
#.#.#.##...#.#...........#
#######.#.#.##.................#
.................###.....#.##.###
.######...)......................
.# #####>)..o................. .#
#....o..........(...... .#
######.#####........... .# #@#
#........... .#
######.#####.(......... .#######
#...................... .......#
#......#####.#.#....### .......#
#.)....#####.#.#....###
.......####......................
.....................###.#....###
.................###.# #.#.......
......รท....#.....###.###.#...####


You could see an orc wizard and an orc.

Vanquished Creatures
  Robin (D:2)
  4 adders (D:2)
  A worm (D:2)
  2 giant geckos (D:2)
  An orc (D:2)
  A ball python (D:2)
  A giant cockroach (D:2)
  8 goblins
  5 hobgoblins
  2 quokkas (D:2)
  4 bats
  2 giant newts
  2 kobolds
  6 rats
40 creatures vanquished.

Notes
Turn   | Place    | Note
--------------------------------------------------------------
     0 | D:1      | Goblin1989 the Demonspawn Gladiator began the quest for the Orb.
     0 | D:1      | Reached XP level 1. HP: 16/16 MP: 1/1
   449 | D:1      | Reached skill level 3 in Polearms
   934 | D:2      | Gained mutation: You have sharp toenails. [demonic ancestry]
   934 | D:2      | Reached XP level 2. HP: 22/22 MP: 2/2
  1066 | D:2      | Reached XP level 3. HP: 25/27 MP: 3/3
  1167 | D:2      | Reached skill level 4 in Polearms
  1413 | D:2      | Noticed Robin
  1440 | D:2      | Killed Robin
  1440 | D:2      | Reached XP level 4. HP: 28/33 MP: 4/4
  2301 | D:2      | Killed from afar by an orc wizard

Action                   |  1- 3 |  4- 6 || total
-------------------------+-------+-------++-------
Melee: Trident           |   112 |    40 ||   152
       Unarmed           |    15 |       ||    15
 Stab: Sleeping          |     1 |       ||     1
  Eat: Chunk             |     1 |     3 ||     4
